 Dungeon Crawl Stone Soup version 0.23.2 (webtiles) character file.

Game seed: 787238161496897119

1399 Descartes the Shield-Bearer (level 9, -4/68 HPs)
             Began as a Formicid Fighter on Apr 5, 2019.
             Slain by an orc warrior
             ... wielding a +0 scimitar
              (21 damage)
             ... on level 6 of the Dungeon.
             The game lasted 00:13:03 (4652 turns).

Descartes the Shield-Bearer (Formicid Fighter)      Turns: 4652, Time: 00:13:04

Health: -4/68      AC: 11    Str: 21    XL:     9   Next: 1%
Magic:  9/9        EV:  8    Int:  8    God:
Gold:   246        SH: 11    Dex: 13    Spells: 8/8 levels left

rFire    . . .     SeeInvis +   a - +0 war axe
rCold    . . .     Gourm    .   c - +0 shield
rNeg     . . .     Faith    .   y - +0 chain mail
rPois    .         Spirit   .   (helmet unavailable)
rElec    .         Reflect  .   p - +0 cloak
rCorr    .         Harm     .   (no gloves)
MR       .....                  (no boots)
Stlth    ..........             (no amulet)
HPRegen  0.21/turn              (no ring)
MPRegen  0.11/turn              (no ring)

@: no status effects
A: permanent stasis, dig shafts and tunnels, four strong arms, antennae 3
a: Dig, Shaft Self


You were on level 6 of the Dungeon.
You were very hungry.

You visited 1 branch of the dungeon, and saw 6 of its levels.

You collected 246 gold pieces.

Inventory:

Hand Weapons
 a - a +0 war axe (weapon)
 h - a +0 club
 j - a +1 rapier of freezing
 v - a +1 trident of piercing
Missiles
 l - 27 poisoned needles
 w - 5 needles of sleeping
Armour
 c - a +0 shield (worn)
 p - a +0 cloak (worn)
 y - a +0 chain mail (worn)
Wands
 u - a wand of acid (12)
Scrolls
 b - a scroll of random uselessness {unknown}
 d - 2 scrolls of fear
 e - 2 scrolls of fog
 i - a scroll of enchant weapon {unknown}
 k - 3 scrolls of identify
 m - a scroll of enchant armour {unknown}
 n - 3 scrolls of amnesia
 q - a scroll of blinking {unknown}
 s - 3 scrolls of remove curse
Potions
 g - 2 potions of curing
 o - a potion of cancellation
 r - a potion of resistance
 t - 3 potions of brilliance
Comestibles
 f - 9 rations


   Skills:
 + Level 5.1 Fighting
 * Level 5.5 Axes
 * Level 6.4 Armour
 + Level 3.0 Dodging
 * Level 7.3 Shields


You had 8 spell levels left.
You didn't know any spells.
Your spell library was empty.

Dungeon Overview and Level Annotations

Branches:
Dungeon (6/15)
 Temple: D:4-7

Altars:
Ashenzari
Elyvilon

Shops:
D:5 !


Innate Abilities, Weirdness & Mutations

You cannot be hasted, slowed, berserked, paralysed or teleported.
You can dig through walls and to a lower floor.
Your four strong arms can wield two-handed weapons with a shield.
You have a pair of large antennae on your head. (SInv)


Message History

Space bends around you.
You hit the orc priest.
The orc priest is moderately wounded.
You hit the orc.
You hit the orc warrior but do no damage.
The orc barely misses you. You block the orc priest's attack.
You block the orc's attack.
The orc warrior hits you with a +0 scimitar!
* * * LOW HITPOINT WARNING * * *
Okay, then.
You barely miss the orc priest.
The orc priest is moderately wounded.
You hit the orc but do no damage.
You hit the orc warrior but do no damage.
The orc priest invokes the aid of Beogh against you.
Pain shoots through your body!
* * * LOW HITPOINT WARNING * * *
You block the orc's attack.
The orc warrior hits you with a +0 scimitar!!
You die...

#.......# #............
#)......# #............
#.......####.######.....
#............#######....
#.................##....
#.......................
######'#..........#.....
#####o######.#..<#.#...
#...oo@....#.#.###.#.##
#....o####.#.#.# ....#
#.....# #.#.# #....
#.....# #+#(. #####
#...... ..# #....... ..#
#....... ..# #........
...#


You could see an orc warrior, 2 orc priests and an orc.

Vanquished Creatures
  Grinder (D:3)
  Eustachio (D:6)
  2 phantoms (D:5)
  An ogre (D:4)
  2 centaurs
  2 scorpions
  A howler monkey (D:4)
  A jelly (D:6)
  3 hounds
  An orc priest (D:5)
  6 worker ants
  4 adders
  8 gnolls
  An ooze (D:1)
  An adder skeleton (D:4)
  3 worms
  A dart slug (D:1)
  3 leopard geckos
  8 orcs
  2 giant cockroaches (D:2)
  9 goblins
  6 hobgoblins
  12 jackals
  4 quokkas
  2 bats (D:1)
  12 frilled lizards
  A jackal skeleton (D:4)
  9 kobolds
  6 rats
113 creatures vanquished.

Vanquished Creatures (others)
  A rat (D:3)
1 creature vanquished.

Grand Total: 114 creatures vanquished

Notes
Turn   | Place    | Note
-------+----------+-------------------------------------------
     0 | D:1      | Descartes the Formicid Fighter began the quest for the Orb.
     0 | D:1      | Reached XP level 1. HP: 18/18 MP: 1/1
    55 | D:1      | Reached XP level 2. HP: 19/24 MP: 2/2
   220 | D:1      | Reached skill level 4 in Shields
   222 | D:1      | Reached XP level 3. HP: 29/29 MP: 3/3
   841 | D:2      | Reached XP level 4. HP: 30/35 MP: 4/4
  2037 | D:3      | Reached XP level 5. HP: 41/41 MP: 5/5
  2074 | D:3      | Noticed Grinder
  2086 | D:3      | Reached skill level 1 in Dodging
  2089 | D:3      | HP: 1/42 [Grinder (5)]
  2104 | D:3      | Killed Grinder
  2104 | D:3      | Reached skill level 5 in Shields
  2104 | D:3      | Reached XP level 6. HP: 25/48 MP: 6/6
  2391 | D:3      | Found a white marble altar of Elyvilon.
  2787 | D:4      | Reached XP level 7. HP: 40/54 MP: 7/7
  3198 | D:4      | Reached skill level 5 in Armour
  3685 | D:5      | Entered Level 5 of the Dungeon
  3727 | D:5      | Reached skill level 6 in Shields
  3897 | D:5      | Reached XP level 8. HP: 45/61 MP: 8/8
  3979 | D:5      | Found Tymuv's Distillery.
  4175 | D:5      | Found a shattered altar of Ashenzari.
  4215 | D:5      | Reached skill level 5 in Axes
  4505 | D:6      | Noticed Eustachio
  4516 | D:6      | Reached skill level 7 in Shields
  4527 | D:6      | Reached skill level 5 in Fighting
  4589 | D:6      | Killed Eustachio
  4589 | D:6      | Reached XP level 9. HP: 38/68 MP: 9/9
  4652 | D:6      | Slain by an orc warrior

Skill      XL: |  1  2  3  4  5  6  7  8 |
---------------+-------------------------+-----
Shields        | 4 5 6 7 |  7.3
Armour         | 4 5 6 |  6.4
Axes           | 3 4 5 |  5.5
Dodging        | 1 2 3 |  3.0
Fighting       | 4 5 |  5.1

Action                   |  1- 3 |  4- 6 |  7- 9 || total
-------------------------+-------+-------+-------++-------
Melee: War axe           |    92 |   136 |   168 ||   396
 Abil: Dig               |     1 |     2 |     8 ||    11
  Use: Potion            |     1 |     3 |       ||     4
       Scroll            |       |     1 |     7 ||     8
  Eat: Chunk             |       |     6 |     8 ||    14
Armor: Scale mail        |    39 |    46 |    32 ||   117
       Chain mail        |       |       |   101 ||   101
Dodge: Dodged            |    29 |    40 |   102 ||   171
Block: Shield            |    51 |    65 |   186 ||   302
